AoeStats
← [CL] Al3jandr0.magn00

Arabia

506184768Analyzed
1v1 RM · 19d ago on Sep 12, 2026· 45m 40s· 2 players
Game mode
Random Map
Map size
Tiny (2 player)
Population
200
Speed
Normal
Resources
Standard
Victory
Conquest
Starting age
Dark Age
Ending age
Imperial Age
RankedLock teamsTeams togetherTeam positionsShared explorationLock speedFull tech treeHidden civsTurbo modeCheats
Victory
Defeat
🇦🇷 Koreans · Argentina
1829
+13
🇦🇷 Armenians · Argentina
1754
-13
PWLG | Legend
7:10 Loom
9:16 Feudal Age
9:30 Man-at-Arms
9:56 Double-Bit Axe
10:46 Arson
19:35 Castle Age
18:13 Scale Mail Armor
19:05 Gold Mining
18:45 Long Swordsman
19:50 Padded Archer Armor
19:39 Horse Collar
19:55 Elite Skirmisher
20:39 Fletching
22:10 Bow Saw
23:23 Leather Archer Armor
33:59 Town Watch
37:09 Wheelbarrow
36:39 Heavy Plow
38:30 Hand Cart
41:58 Imperial Age
40:07 Bodkin Arrow
40:27 Squires
41:22 Two-Handed Swordsman
41:48 Gambesons
42:40 Ballistics
42:30 Masonry
42:57 Bracer
43:59 Chemistry
42:35 Champion
43:36 Chain Mail Armor
43:43 Fereters
43:59 Forging
45:12 Plate Mail Armor
44:17 Capped Ram
[CL] Al3jandr0.magn00
5:56 Loom
9:00 Feudal Age
9:31 Double-Bit Axe
16:17 Fletching
20:17 Castle Age
18:34 Horse Collar
19:02 Gold Mining
19:12 Fletching
20:54 Bodkin Arrow
20:26 Crossbowman
24:39 Wheelbarrow
27:01 Bow Saw
28:04 Ballistics
33:44 Town Watch
35:00 Hand Cart
38:41 Imperial Age
37:40 Gold Shaft Mining
37:06 Heavy Plow
39:26 Bracer
40:28 Chemistry
38:49 Arbalester
39:59 Conscription
39:12 Elite Skirmisher
40:00 Stone Mining
41:42 Two-Man Saw
41:18 Eupseong
44:28 Arbalester
46:20 Thumb Ring
Connection lost

Rejoining the realm…

Still unreachable

The connection could not be restored.

Session expired

The server has moved on; the page needs a fresh start.